 Dungeon Crawl Stone Soup version 0.19.4-10-g532645f (webtiles) character file.

117 volk64 the Magician (level 5, -1/29 HPs)
             Began as an Octopode Wizard on Feb 25, 2017.
             Was a Follower of Zin.
             Slain by an orc
             ... wielding a +0 trident
              (5 damage)
             ... on level 3 of the Dungeon.
             The game lasted 00:16:17 (2576 turns).

volk64 the Magician (Octopode Wizard)               Turns: 2576, Time: 00:16:20

Health: -1/29      AC:  1    Str:  6    XL:     5   Next: 1%
Magic:  20/20      EV: 13    Int: 19    God:    Zin [*.....]
Gold:   34         SH:  5    Dex: 11    Spells: 3 memorised, 7 levels left

rFire  . . .     SeeInvis .     h - +1 spear
rCold  . . .     Gourm    .     (no shield)
rNeg   . . .     Faith    .     a - +0 hat
rPois  .         Spirit   .     g - +5 amulet of reflection
rElec  .         Reflect  +     j - ring of magical power
rCorr  .         Harm     .     (no ring)
MR     .....                    (no ring)
Stlth  +++.......               (no ring)
                                (no ring)
                                (no ring)
                                (no ring)
                                (no ring)

@: short of breath, reciting
A: almost no armour, stealthy swim, amphibious, 8 rings, constrict 8, camouflage
1, dopey 1, frail 1, wild magic 1, gelatinous body 1
a: Recite, Donate Gold, Renounce Religion


You were on level 3 of the Dungeon.
You worshipped Zin.
Zin was aware of your devotion.
You were not hungry.

You visited 1 branch of the dungeon, and saw 3 of its levels.

You collected 114 gold pieces.
You donated 80 gold pieces to Zin.

Inventory:

Hand Weapons
 h - a +1 spear (weapon)
Armour
 a - a +0 hat (worn)
Jewellery
 g - a +5 amulet of reflection (around mantle)
 j - a ring of magical power (left tentacle)
 n - an uncursed ring of protection from cold {unknown}
 q - a cursed -5 ring of protection
Scrolls
 e - 2 scrolls of remove curse
 i - a scroll of immolation
 k - 3 scrolls of enchant weapon
 o - 2 scrolls of fog {unknown}
Potions
 l - 2 potions of flight {unknown}
Books
 b - a book of Minor Magic

   Spells                             Type                      Level
   a - Magic Dart                     Conjuration                  1
   b - Blink                          Translocation                2
   c - Call Imp                       Summoning                    2
   d - Repel Missiles                 Charms/Air                   2
   e - Slow                           Hexes                        2
   f - Conjure Flame                  Conjuration/Fire             3
   g - Mephitic Cloud                 Conjuration/Poison/Air       3
Comestibles
 c - a bread ration
 f - 2 beef jerkies
 m - a meat ration
 p - a chunk of flesh


   Skills:
 + Level 1.0 Fighting
 + Level 1.2 Polearms
 + Level 2.4 Dodging
 + Level 3.0 Stealth
 + Level 0.4 Unarmed Combat
 + Level 4.1 Spellcasting
 + Level 1.1 Conjurations
 + Level 0.2 Hexes
 + Level 1.8 Summonings
   Level 1.0 Translocations


You had 7 spell levels left.
You knew the following spells:

 Your Spells              Type           Power        Failure   Level  Hunger
a - Magic Dart            Conj           ##..         14%         1    None
b - Call Imp              Summ           ##......     17%         2    ##.....
c - Slow                  Hex            #.......     28%         2    ##.....


Dungeon Overview and Level Annotations

Branches:
Dungeon (3/15)

Altars:
Hepliaklqana
Makhleb
Nemelex Xobeh
Qazlal
Zin


Innate Abilities, Weirdness & Mutations

You cannot wear most types of armour.
You are very stealthy in the water. (Stealth+)
You are amphibious.
You can wear up to eight rings at the same time.
You can use your tentacles to constrict eight enemies at once.
Your skin changes colour to match your surroundings (Stealth+).
Your rubbery body absorbs attacks. (AC +1, EV +1)
You are dopey. (Int -2)
You are frail. (-10% HP)
Your spells are a little harder to cast, but a little more powerful.


Message History

You clear your throat and prepare to recite. "Zin saw the anarchy of the bastard children of Xom, and..."
The orc is smitten by the wrath of Zin.
You kill the orc!
Your Fighting skill increases to level 1!
You have reached level 5!
You feel agile.
The orc is smitten by the wrath of Zin.
You kill the orc!
The quokka bites you. The orc wizard hits you with a dagger.
* * * LOW HITPOINT WARNING * * *
The quokka completely misses you.
You hit the orc wizard. You grab the orc wizard.
The orc wizard is moderately wounded. "...was displeased, for did the law not say that..."
You constrict the orc wizard, but do no damage.
The orc wizard closely misses you.
The quokka bites you but does no damage.
The orc hits you from afar with a trident.
You die...

#........ #.......##
#........# .
..o.....#.. .[o...<.
oooo.##.. #ro......
#@# #.# #.# #+## #.#
##...## #.## ##.....##
#..## ##.......##
####...####.........#
...........'.........+
###.....####†........#


You could see 2 orc priests, an orc wizard, 4 orcs and a quokka.

Vanquished Creatures
  Jessica (D:2)
  2 adders (D:2)
  An ooze (D:1)
  A worm (D:2)
  A dart slug (D:1)
  A leopard gecko (D:2)
  7 orcs (D:3)
  A ball python (D:1)
  A bat (D:2)
  A giant cockroach (D:1)
  5 goblins
  5 hobgoblins
  5 kobolds
  2 quokkas
  A frilled lizard (D:2)
  5 rats
40 creatures vanquished.

Vanquished Creatures (collateral kills)
  2 adders (D:2)
  A hobgoblin (D:1)
  A bat (D:1)
  A frilled lizard (D:2)
  3 rats (D:2)
8 creatures vanquished.

Grand Total: 48 creatures vanquished

Notes
Turn   | Place    | Note
-------+----------+-------------------------------------------
     0 | D:1      | volk64 the Octopode Wizard began the quest for the Orb.
     0 | D:1      | Reached XP level 1. HP: 11/11 MP: 4/4
   360 | D:1      | Reached XP level 2. HP: 8/17 MP: 0/6
   566 | D:1      | Learned a level 2 spell: Call Imp
   734 | D:1      | Found a sparkling altar of Nemelex Xobeh.
   737 | D:1      | Gained mutation: Your spells are a little harder to cast, but a little more powerful. [potion of mutation]
   737 | D:1      | Gained mutation: You are dopey. (Int -2) [potion of mutation]
   737 | D:1      | Gained mutation: You are frail. (-10% HP) [potion of mutation]
  1010 | D:2      | Reached XP level 3. HP: 14/18 MP: 0/8
  1567 | D:2      | Found a burning altar of Makhleb.
  1568 | D:2      | Found a glowing silver altar of Zin.
  1568 | D:2      | Noticed an angel
  1569 | D:2      | Noticed an Executioner
  1575 | D:2      | Became a worshipper of Zin the Law-Giver
  1576 | D:2      | Donated 33 gold pieces to Zin
  1646 | D:2      | Noticed Jessica
  1659 | D:2      | Killed Jessica
  1659 | D:2      | Reached skill level 4 in Spellcasting
  1659 | D:2      | Reached XP level 4. HP: 7/24 MP: 8/10
  1884 | D:2      | Found a hazy altar of Hepliaklqana.
  1894 | D:2      | Found a stormy altar of Qazlal.
  1995 | D:2      | Learned a level 2 spell: Slow
  2137 | D:2      | Reached * piety under Zin
  2307 | D:2      | Reached skill level 1 in Polearms
  2385 | D:2      | You fall through a shaft!
  2560 | D:3      | Donated 36 gold pieces to Zin
  2575 | D:3      | Reached skill level 1 in Fighting
  2575 | D:3      | Reached XP level 5. HP: 11/29 MP: 11/11
  2576 | D:3      | Slain by an orc

Skill      XL: |  1  2  3  4 |
---------------+-------------+-----
Stealth        | 3 |  3.0
Spellcasting   | 4 |  4.1
Polearms       | 1 |  1.2
Fighting       | 1 |  1.0
Dodging        | |  2.4
Unarmed Combat | |  0.4
Conjurations   | |  1.1
Hexes          | |  0.2
Summonings     | |  1.8
Translocations | |  1.0

Action                   |  1- 3 |  4- 6 || total
-------------------------+-------+-------++-------
Melee: Unarmed           |    14 |       ||    14
       Constrict         |     9 |     9 ||    18
       Spear             |    24 |    42 ||    66
       Tentacles         |     4 |     2 ||     6
 Cast: Magic Dart        |    39 |    15 ||    54
       Call Imp          |    11 |       ||    11
       Slow              |       |     7 ||     7
Invok: Donate Gold       |     1 |     1 ||     2
       Recite            |       |     2 ||     2
  Use: Potion            |     2 |       ||     2
       Scroll            |     5 |     1 ||     6
 Stab: Sleeping          |     1 |     2 ||     3
  Eat: Chunk             |     2 |       ||     2
       Bread ration      |       |     1 ||     1
Armor: Skin              |       |     1 ||     1
Dodge: Dodged            |    24 |    22 ||    46
Block: Other             |     5 |     8 ||    13
